 Dungeon Crawl Stone Soup version 0.30-a0-122-g2a1322497e (webtiles) character file.

Game seed: 12407995088380066242

27 ragingrage the Caller (level 2, 0/19 HPs)
             Began as a Demonspawn Wanderer on Sept 15, 2022.
             Slain by a worm (10 damage)
             ... on level 2 of the Dungeon.
             The game lasted 00:01:46 (1769 turns).

ragingrage the Caller (Demonspawn Wanderer)         Turns: 1769, Time: 00:01:47

Health: 0/19       AC:  2    Str: 10    XL:     2   Next: 93%
Magic:  2/5        EV: 11    Int: 11    God:
Gold:   38         SH:  0    Dex: 16    Spells: 4/5 levels left

rFire   . . .      SeeInvis .    a - +0 dagger
rCold   . . .      Faith    .    (no shield)
rNeg    . . .      Spirit   .    d - +0 robe
rPois   .          Reflect  .    (no helmet)
rElec   .          Harm     .    (no cloak)
rCorr   .          Rampage  .    (no gloves)
Will    .....                    (no boots)
Stlth   ++........               (no amulet)
HPRegen 0.06/turn                (no ring)
MPRegen 0.09/turn                (no ring)

@: no status effects
A: demonic magic 1
a: no special abilities


You were on level 2 of the Dungeon.
You visited 1 branch of the dungeon, and saw 2 of its levels.

You collected 38 gold pieces.

Inventory:

Hand Weapons
 a - a +0 dagger (weapon)
Armour
 d - a +0 robe (worn)
Wands
 e - a wand of mindburst (13)
Scrolls
 b - a scroll of silence
 c - a scroll of blinking
 f - 2 scrolls of fear {unknown}
 g - a scroll of noise {unknown}
 j - 3 scrolls of teleportation {unknown}
 k - a scroll of poison {unknown}
Potions
 h - a potion of magic {unknown}
 i - a potion of curing {unknown}
 l - a potion of haste {unknown}


   Skills:
 - Level 1.0 Throwing
 - Level 1.0 Stealth
 - Level 2.0 Spellcasting
 + Level 5.0 Summonings
 - Level 2.0 Evocations


You had 4 spell levels left.
You knew the following spells:

 Your Spells              Type           Power      Damage    Failure   Level
a - Summon Small Mammal   Summ           48%        N/A       3%          1

Your spell library contained the following spells:

 Spells                   Type           Power      Damage    Failure   Level
 Call Canine Familiar     Summ           12%        N/A       11%         3


Dungeon Overview and Level Annotations

Branches:
Dungeon (2/15)

Altars:


Innate Abilities, Weirdness & Mutations

Spells you cast may paralyse adjacent enemies.


Message History

The ball python misses your bat.
Your bat hits the ball python.
The ball python dies!
Your Summonings skill increases to level 5!
No target in view!
Your bat disappears in a puff of smoke!
A worm is nearby!
A worm is nearby!
Your bat hits the worm. The worm bites your bat!
Your bat dies!
Your bat's corpse disappears in a puff of smoke!
A kobold comes into view. It is wielding a +0 club.
The worm barely misses you. Malevolent energies surge around you.
Malevolent energies surge around you. The worm barely misses you.
Your bat hits the worm but does no damage.
You completely miss the worm.
Your bat hits the worm but does no damage.
Your bat hits the worm.
Your bat barely misses the worm.
You hit the worm.
The worm is lightly wounded.
Your bat hits the worm. The worm bites you!
Your bat hits the worm.
Your bat hits the worm but does no damage.
You are too injured to fight recklessly!
Casting: Summon Small Mammal (safe; 3% risk of failure)
Confirm with . or Enter, or press ? or * to list all spells.
Malevolent energies surge around you.
The worm suddenly stops moving!
Your bat disappears in a puff of smoke!
Your bat hits the worm.
The helpless worm fails to defend itself.
You hit the worm.
The worm is heavily wounded.
Your bat hits the worm.
The helpless worm fails to defend itself.
You hit the worm.
The worm is almost dead.
The worm is no longer paralysed.
Your bat hits the worm but does no damage.
The worm bites you!
Ouch! That really hurt!
You die...

...........#~#
.............###
......$...#....~
..........#.....
####......#...##
###..##........
.....##......##
####..#wK......
#.b@.#.....
##...b#..###
##........### #######
#...........# #.....#
##...........#
#.....###............#
#....................#
#..[.......#...........
#.....###.....<........


You could see a worm (ally target), a kobold and 2 friendly bats.

Vanquished Creatures
  3 hobgoblins
  3 ball pythons (D:1)
  A frilled lizard (D:1)
  A kobold (D:1)
  A rat (D:1)
9 creatures vanquished.

Vanquished Creatures (collateral kills)
  2 ball pythons
  2 endoplasms (D:1)
  2 giant cockroaches
  2 goblins (D:1)
  A hobgoblin (D:1)
  A kobold (D:1)
  A bat (D:1)
  5 frilled lizards
  A rat (D:1)
17 creatures vanquished.

Grand Total: 26 creatures vanquished

Notes
Turn   | Place    | Note
-------+----------+-------------------------------------------
     0 | D:1      | ragingrage the Demonspawn Wanderer began the quest for the
                  | Orb.
     0 | D:1      | ragingrage set off with the following items: a +0 dagger, a
                  | scroll of silence, a scroll of blinking, a +0 robe, a wand
                  | of mindburst (13); and the following spell memorised:
                  | Summon Small Mammal; and the following spells available to
                  | memorise: Call Canine Familiar.
     0 | D:1      | Reached XP level 1. HP: 13/13 MP: 3/3
   652 | D:1      | Gained mutation: Spells you cast may paralyse adjacent
                  | enemies. [demonic ancestry]
   652 | D:1      | Reached XP level 2. HP: 19/19 MP: 0/5
  1756 | D:2      | Reached skill level 5 in Summonings
  1769 | D:2      | Slain by a worm

Illustrated notes

Levels and vault maps discovered:
D:1:      kilobyte_arrival_exit_the_forest, layout_loops_ring
D:2:      layout_rooms, dreamdust_ecumenical_altar_drowned_temple

Skill      XL: |  1  2 |
---------------+-------+-----
Summonings     | 5 |  5.0
Throwing       | |  1.0
Stealth        | |  1.0
Spellcasting   | |  2.0
Evocations     | |  2.0

Action                   || total
-------------------------++-------
Melee: Dagger            ||    32
 Cast: Summon Small Mamm ||    49
 Stab: Sleeping          ||     2
       Paralysed         ||     5
Armor: Robe              ||     7
Dodge: Dodged            ||    22

Table legend: (Time is in decaauts)
 A = Elapsed time spent in this place.
 B = Non-inter-level travel time spent in this place.
 C = Inter-level travel time spent in this place.
 D = Time resting spent in this place.
 E = Time spent auto-exploring this place.
 F = Levels seen in this place.
 G = Mean time per level.
                   A        B        C        D        E       F      G
               +--------+--------+--------+--------+--------+-----+--------+
         Total |   1779 |   1758 |     21 |    157 |   1315 |   2 |  889.5 |
       Dungeon |   1779 |   1758 |     21 |    157 |   1315 |   2 |  889.5 |
               +--------+--------+--------+--------+--------+-----+--------+

Top non-repeatable levels by time:
     D:1: 1682 daAuts
     D:2: 96 daAuts
